 Dungeon Crawl Stone Soup version 0.30-a0-634-g8abc85282e (webtiles) character file.

Game seed: 3685910737474715709

1885 Leeroy the Carver (level 9, -9/48 HPs)
             Began as a Tengu Warper on Jan 14, 2023.
             Killed from afar by a deep elf zephyrmancer (21 damage)
             ... with a bolt of lightning
             ... on level 6 of the Dungeon.
             The game lasted 00:09:11 (5196 turns).

Leeroy the Carver (Tengu Warper)                    Turns: 5196, Time: 00:09:12

Health: -9/48      AC: 13    Str: 11    XL:     9   Next: 14%
Magic:  13/13      EV:  8    Int: 14    God:
Gold:   222        SH:  0    Dex: 18    Spells: 4/12 levels left

rFire   . . .      SeeInvis .    F - +0 scimitar
rCold   . . .      Faith    .    (no shield)
rNeg    + . .      Spirit   .    G - +2 chain mail {rN+}
rPois   .          Reflect  .    (helmet restricted)
rElec   .          Harm     .    o - +1 cloak
rCorr   .          Rampage  .    (no gloves)
Will    .....                    (boots unavailable) Stlth
                                 (no amulet)
HPRegen 0.28/turn                (no ring)
MPRegen 0.13/turn                (no ring)

@: flying quickly and evasively, quick
A: beak, talons 3, nimble flight
a: no special abilities


You were on level 6 of the Dungeon.
You visited 1 branch of the dungeon, and saw 6 of its levels.

You collected 248 gold pieces.
You spent 26 gold pieces at shops.

Inventory:

Hand Weapons
 a - a +0 falchion
 y - a +1 dagger of speed
 F - a +0 scimitar (weapon)
Missiles
 d - 6 boomerangs of dispersal
 f - 13 poisoned darts (quivered)
 A - 5 curare-tipped darts
 I - a throwing net
Armour
 b - a +0 leather armour
 o - a +1 cloak (worn)
 G - a +2 chain mail of positive energy (worn)
Jewellery
 w - an amulet of faith
 C - a ring of resist corrosion
 H - an amulet of magic regeneration
Wands
 m - a wand of flame (10)
Scrolls
 c - a scroll of blinking
 h - a scroll of noise
 i - 3 scrolls of enchant armour
 k - 2 scrolls of teleportation
 l - a scroll of identify
 n - 2 scrolls of fear
 p - 2 scrolls of amnesia
 s - a scroll of silence
 B - 2 scrolls of brand weapon
Potions
 e - a potion of heal wounds {unknown}
 g - 2 potions of curing
 j - 4 potions of flight
 q - 2 potions of brilliance {unknown}
 r - a potion of magic {unknown}
 t - 2 potions of mutation {unknown}
 u - 2 potions of haste {unknown}
 v - a potion of resistance {unknown}
 x - 2 potions of attraction {unknown}
 z - a potion of ambrosia {unknown}
 D - a potion of degeneration {unknown}
 E - 2 potions of cancellation {unknown}


   Skills:
 - Level 2.0 Fighting
 + Level 10.5 Long Blades
 - Level 1.0 Throwing
 * Level 2.6 Armour
 - Level 7.2 Dodging
 - Level 2.0 Spellcasting
 - Level 2.4 Translocations
 - Level 0.2 Air Magic


You had 4 spell levels left.
You knew the following spells:

 Your Spells              Type           Power      Damage    Failure   Level
a - Blink                 Tloc           16%        N/A       100%        2
b - Vhi's Electric Charg  Tloc/Air       10%        N/A       100%        3
c - Teleport Other        Tloc           8%         N/A       100%        3

Your spell library contained the following spells:

 Spells                   Type           Power      Damage    Failure   Level
 Magic Dart               Conj           4%         1d3       100%        1
 Call Imp                 Summ           1%         N/A       100%        2
 Lesser Beckoning         Tloc           16%        N/A       100%        3
 Mephitic Cloud           Conj/Pois/Air  1%         N/A       100%        3
 Portal Projectile        Hex/Tloc       8%         N/A       100%        3
 Tukima's Dance           Hex            1%         N/A       100%        3
 Manifold Assault         Tloc           8%         N/A       100%        4
 Blade Hands              Tmut           0%         N/A       100%        5


Dungeon Overview and Level Annotations

Branches:
Dungeon (6/15)             Temple (0/1) D:5

Altars:
Fedhas
Okawaru

Shops:
D:5 ?

Annotations:
D:4 Sigmund
D:5 Dowan, Duvessa


Innate Abilities, Weirdness & Mutations

You have a beak for a mouth.
You have claws for feet.
Your magical nature lets you fly swiftly and evasively.


Message History

The deep elf zephyrmancer is heavily wounded.
The deep elf zephyrmancer hits you but does no damage.
You completely miss the deep elf zephyrmancer.
Your kick misses the deep elf zephyrmancer.
You peck the deep elf zephyrmancer.
The deep elf zephyrmancer is heavily wounded.
The deep elf zephyrmancer hits you with a +0 short sword.
You hit the deep elf zephyrmancer. You claw the deep elf zephyrmancer.
You peck the deep elf zephyrmancer.
The deep elf zephyrmancer is almost dead.
You miss the deep elf zephyrmancer.
Your kick misses the deep elf zephyrmancer.
The deep elf zephyrmancer is almost dead.
The deep elf zephyrmancer gestures at you while chanting.
The bolt of lightning hits you!
* * * LOW HITPOINT WARNING * * *
You hit the deep elf zephyrmancer.
Your kick misses the deep elf zephyrmancer.
The deep elf zephyrmancer is almost dead.
The deep elf zephyrmancer casts a spell.
The deep elf zephyrmancer blinks!
Throw: 14 darts (poison)
Press: ? - help, Q - select action, (/) - cycle Shift-Dir - straight line, f - deep elf zephyrmancer
Aim: a deep elf zephyrmancer, wielding a +0 short sword (almost dead, 51% to hit)
You throw a poisoned dart.
The poisoned dart barely misses the deep elf zephyrmancer.
You barely miss the deep elf zephyrmancer.
The deep elf zephyrmancer is almost dead.
The deep elf zephyrmancer mumbles some strange words.
The deep elf zephyrmancer blinks!
Okay, then.
Okay, then.
Aiming: Throw Flame
Press: ? - help, Shift-Dir - straight line, f/p - deep elf zephyrmancer
Aim: a deep elf zephyrmancer, wielding a +0 short sword (almost dead, 56% to hit)
The puff of flame hits the deep elf zephyrmancer.
The deep elf zephyrmancer is almost dead.
The deep elf zephyrmancer points at you and mumbles some strange words.
The bolt of lightning hits you!!
You die...

..##..........>#.########
..............##........#
..####..##..............#
#.###..###########.#
####..#...# ........#
..#.#..##...# ........#
.......##...#+++######8.#
............#...'.(.....#
..#.##......#...@§......#
.###.#...##.#..⌠'...e...#
.......)##..#+++######8.#
..#.###.....# ...#
#.#.##.<....# ...#
....#...#.#.###########.#
.......##.#......... .#
.......##...######## ##
.......##...###


You could see a deep elf zephyrmancer.

Vanquished Creatures
  A two-headed ogre (D:5)
  Edmund (D:4)
  A water moccasin (D:6)
  A black bear (D:6)
  An ogre (D:3)
  A centaur (D:6)
  A kobold brigand (D:5)
  A gnoll sergeant (D:5)
  2 bullfrogs (D:6)
  Blork the orc (D:5)
  3 scorpions
  2 hounds
  An iguana (D:5)
  Natasha (D:3)
  4 gnolls
  9 adders
  2 white imps
  2 ufetubi
  A worm (D:5)
  3 dart slugs
  12 orcs
  2 bats
  5 endoplasms
  4 giant cockroaches
  5 goblins
  10 hobgoblins
  5 quokkas
  7 ball pythons
  4 frilled lizards
  11 kobolds
  5 rats
109 creatures vanquished.

Notes
Turn   | Place    | Note
-------+----------+-------------------------------------------
     0 | D:1      | Leeroy the Tengu Warper began the quest for the Orb.
     0 | D:1      | Reached XP level 1. HP: 12/12 MP: 4/4
    80 | D:1      | Reached XP level 2. HP: 11/17 MP: 6/6
   133 | D:1      | Learned a level 2 spell: Blink
   373 | D:1      | Reached skill level 3 in Long Blades
   700 | D:2      | Reached XP level 3. HP: 16/21 MP: 7/7
  1312 | D:3      | Reached XP level 4. HP: 26/26 MP: 8/8
  1364 | D:3      | Reached skill level 4 in Long Blades
  1408 | D:3      | Noticed an ogre
  1426 | D:3      | Killed an ogre
  1427 | D:3      | Gained mutation: Your magical nature lets you fly swiftly
                  | and evasively. [Tengu growth]
  1427 | D:3      | Reached XP level 5. HP: 30/30 MP: 9/9
  1527 | D:3      | Reached skill level 5 in Long Blades
  1770 | D:4      | Noticed Edmund
  1771 | D:4      | Noticed Sigmund
  1964 | D:4      | Noticed Natasha
  1985 | D:3      | Reached XP level 6. HP: 11/35 MP: 10/10
  2086 | D:3      | Killed Natasha
  2130 | D:4      | Reached skill level 6 in Long Blades
  2373 | D:3      | Learned a level 3 spell: Vhi's Electric Charge
  2827 | D:4      | Learned a level 3 spell: Teleport Other
  3169 | D:5      | Entered Level 5 of the Dungeon
  3383 | D:5      | Reached XP level 7. HP: 36/40 MP: 11/11
  3399 | D:5      | Reached skill level 7 in Long Blades
  3399 | D:5      | Reached skill level 5 in Dodging
  3537 | D:5      | Found Karhokh's Magic Scroll Shoppe.
  3546 | D:5      | Bought a scroll of identify for 26 gold pieces
  3584 | D:5      | Noticed a two-headed ogre
  3629 | D:5      | Killed a two-headed ogre
  3630 | D:5      | Reached skill level 9 in Long Blades
  3630 | D:5      | Reached XP level 8. HP: 44/44 MP: 12/12
  3895 | D:5      | Found a blossoming altar of Fedhas.
  3896 | D:5      | Found an iron altar of Okawaru.
  3940 | D:5      | Found a staircase to the Ecumenical Temple.
  3970 | D:5      | Noticed Blork the orc
  3973 | D:5      | Killed Blork the orc
  4037 | D:5      | Noticed Dowan
  4040 | D:5      | Noticed Duvessa
  4080 | D:4      | Killed Edmund
  4582 | D:6      | Reached skill level 10 in Long Blades
  4590 | D:6      | Reached XP level 9. HP: 43/48 MP: 13/13
  5181 | D:6      | Noticed a deep elf zephyrmancer
  5196 | D:6      | Killed from afar by a deep elf zephyrmancer

Illustrated notes

Levels and vault maps discovered:
D:1:      amcnicky_arrival_feature_with_door, layout_loops_ring, nrook_uturn
D:2:      layout_rooms, minmay_misc_feat_secret_circle,
          kennysheep_generic_room_13
D:3:      layout_basic
D:4:      layout_gridville, uniq_sigmund, uniq_edmund, uniq_natasha
D:5:      cheibrodos_thug_alley, layout_basic, gammafunk_temple_overflow_statue,
          minmay_temple_entry_trees, serial_shops, nicolae_shop_waterfront,
          hangedman_minor_gate_pass, uniq_duvessa, uniq_blork_the_orc
D:6:      layout_cave_pools, guppyfry_early_elven_hall

Skill      XL: |  1  2  3  4  5  6  7  8 |
---------------+-------------------------+-----
Long Blades    | 3 4 5 6 9 10 | 10.5
Dodging        | 3 4 6 7 |  7.2
Armour         | 2 |  2.6
Fighting       | |  2.0
Throwing       | |  1.0
Spellcasting   | |  2.0
Translocations | |  2.4
Air Magic      | |  0.2

Action                   |  1- 3 |  4- 6 |  7- 9 || total
-------------------------+-------+-------+-------++-------
Melee: Falchion          |    73 |   137 |    35 ||   245
       Kick              |    12 |    38 |    32 ||    82
       Peck              |    12 |    19 |    21 ||    52
       Punch             |     1 |       |       ||     1
       Scimitar          |       |       |    71 ||    71
Throw: Dart              |       |     5 |    14 ||    19
       Boomerang         |       |       |     2 ||     2
 Cast: Teleport Other    |       |     7 |     1 ||     8
       Vhi's Electric Ch |       |     1 |     2 ||     3
       Blink             |       |       |     1 ||     1
Evoke: Wand              |       |       |     1 ||     1
  Use: Potion            |       |     3 |     1 ||     4
       Scroll            |       |       |     7 ||     7
 Stab: Sleeping          |     1 |     1 |       ||     2
       Invisible         |       |       |     1 ||     1
Armor: Leather armour    |    23 |    29 |     8 ||    60
       Chain mail        |       |       |    26 ||    26
Dodge: Dodged            |    46 |   149 |    74 ||   269

Table legend: (Time is in decaauts)
 A = Elapsed time spent in this place.
 B = Non-inter-level travel time spent in this place.
 C = Inter-level travel time spent in this place.
 D = Time resting spent in this place.
 E = Time spent auto-exploring this place.
 F = Levels seen in this place.
 G = Mean time per level.
                   A        B        C        D        E       F      G
               +--------+--------+--------+--------+--------+-----+--------+
         Total |   5016 |   4861 |    155 |    769 |   3033 |   6 |  836.0 |
       Dungeon |   5016 |   4861 |    155 |    769 |   3033 |   6 |  836.0 |
               +--------+--------+--------+--------+--------+-----+--------+

Top non-repeatable levels by time:
     D:3: 1302 daAuts
     D:5: 1079 daAuts
     D:4: 793 daAuts
     D:1: 678 daAuts
     D:6: 610 daAuts
     D:2: 553 daAuts
